 Dungeon Crawl Stone Soup version 0.17.0-8-gb983d21 (console) character file.

4 Kloppie the Ruffian (level 1, -10/18 (19) HPs)
             Began as a Ghoul Monk on Nov 9, 2015.
             Mangled by a goblin
             ... wielding a +1 dagger of electrocution
              (17 damage)
             ... on level 1 of the Dungeon.
             The game lasted 00:01:17 (266 turns).

Kloppie the Ruffian (Ghoul Monk)                     Turns: 266, Time: 00:01:17

HP:   -10/18 (19)   AC:  6    Str: 14    XL:     1   Next: 70%
MP:   0/0           EV: 10    Int:  5    God:
Gold: 36            SH:  0    Dex: 11    Spells: 0 memorised, 0 levels left

rFire  . . .     SeeInvis .       - Unarmed
rCold  + . .     Clarity  .     e - +0 scale mail
rNeg   + + +     SustAt   .     (no shield)
rPois  ∞         Gourm    .     (no helmet)
rElec  .         Spirit   .     (no cloak)
rCorr  .         Warding  .     (no gloves)
rMut   .         Stasis   .     (no boots)
MR     .....                    (no amulet)
Stlth  ..........               (no ring)
                                (no ring)

@: rotting, not resistant to hostile enchantments, extremely unstealthy
A: rotting body, claws 1, carnivore 3, cold resistance 1, negative energy
resistance 3, slow regeneration 1, torment resistance, unbreathing
a: no special abilities


You were on level 1 of the Dungeon.
You were not hungry.

You visited 1 branch of the dungeon, and saw 1 of its levels.

You collected 36 gold pieces.

Inventory:

Armour
 e - a +0 scale mail (worn)
Scrolls
 a - a scroll of identify {unknown}
 c - a scroll of amnesia {unknown}
 g - a scroll of recharging {unknown}
 h - a scroll of remove curse {unknown}
Potions
 d - a potion of brilliance {unknown}
Comestibles
 b - a meat ration
 f - 4 chunks of flesh


   Skills:
 - Level 3.2 Fighting
 + Level 0.6 Armour
 - Level 2.6 Dodging
 - Level 2.1 Stealth
 + Level 4.5 Unarmed Combat


You couldn't memorise any spells.
You didn't know any spells.

Dungeon Overview and Level Annotations

Branches:
Dungeon (1/15)

Altars:


Innate Abilities, Weirdness & Mutations

Your body is rotting away.
You thrive on raw meat.
You are immune to poison.
You have sharp fingernails.
You are carnivorous and can eat meat at any time.
Your flesh is cold resistant.
You are immune to negative energy.
You regenerate slowly when monsters are visible.
You are immune to unholy pain and torment.
You can survive without breathing.


Message History

You now have 19 gold pieces (gained 14).
h - a scroll labeled GORAAC ASEE You now have 36 gold pieces (gained 17).
A goblin comes into view.
It is wielding a dagger of electrocution.
The goblin shouts!
You feel your flesh rotting away.
There is a fountain of sparkling water here.
A goblin comes into view. It is wielding a club.
The goblin shouts!
You closely miss the goblin. The goblin closely misses you.
Your scale mail prevents you from hitting the goblin.
You closely miss the goblin. The goblin hits you but does no damage.
You are electrocuted!
Ouch! That really hurt!
* * * LOW HITPOINT WARNING * * *
You are too injured to fight recklessly!
You are too injured to fight recklessly!
You closely miss the goblin. The goblin closely misses you.
You barely miss the goblin. The goblin hits you but does no damage.
You are electrocuted!
Ouch! That really hurt!
You die...

....... ....... ### #...... ..# #........ ####.####
♣♣(. ###.......#### #.......# #.# ≈ ♣..# ........g
....# #.##.##.# #######.##♣♣ ≈≈
♣♣..##..###≈..g###..#####.##.##.## ###..........♣♣≈
♣...##.#...# #@..#.......##.....#
#.....##..#.##.#######...##.#.⌠.# ≈#%⌠.#.......#####..#
#.....##..#.##..............#...#≈≈#...#.......#####..#
#......#.....................###≈≈≈≈###...............#
#......#..#......).............≈≈≈≈≈≈..........######.#
##......#..#.#..#.###.#...#)....≈≈≈≈≈≈..........# #..#
................#.# #.#...#...###≈≈≈≈###........# #.##
####..#........##.###.#...#..#...#≈≈#...#.####### #.#
#...............##.#...#..#.⌠.#≈≈#.⌠.#.# #.#
#..)#####.#####.##.#.[.#..#...#≈≈#...#.. #.## +...#
#.#...#.##.........###≈..≈###..# #..# #...#
+.#.<.#.###.....#.............. ########'## ####...#
#.#...#.##..###.......###..... ..........#
.......#####.##'##...#.# #....##.# .### .......♣..#
...................#...###..#.##.## [. ♣♣♣♣♣♣.♣..#
.#.###.##+##.#####..........#.....# ## #.. ♣.♣..#
#.###.# #.# #................# #..♣ ♣.♣..# #.....# #.+
#.#..#..##.####..# #..♣ ♣.♣..# #####.# #.#
#.#..#..##.......# #..♣ ♣.♣..#


You could see 2 goblins.

Vanquished Creatures
  A hobgoblin (D:1)
  2 kobolds (D:1)
  A goblin (D:1)
  A rat (D:1)
5 creatures vanquished.

Notes
Turn   | Place    | Note
--------------------------------------------------------------
     0 | D:1      | Kloppie the Ghoul Monk began the quest for the Orb.
     0 | D:1      | Reached XP level 1. HP: 19/19 MP: 0/0
   266 | D:1      | Mangled by a goblin

Action                   || total
-------------------------++-------
Melee: Unarmed           ||    21
  Eat: Chunk             ||     3
